 Dungeon Crawl Stone Soup version 0.31-a0-1074-g0b22e4e0f1 (webtiles) character file.

Game seed: 12418908253866655731

86 grandjackal the Ruffian (level 4, -24/41 HPs)
             Began as a Ghoul Monk on Nov 29, 2023.
             Annihilated by an ogre
             ... wielding a +0 giant spiked club
              (33 damage)
             ... on level 3 of the Dungeon.
             The game lasted 00:01:31 (1300 turns).

grandjackal the Ruffian (Ghoul Monk)                Turns: 1300, Time: 00:01:32

Health: -24/41     AC:  5    Str: 14    XL:     4   Next: 49%
Magic:  3/3        EV: 13    Int: 11    God:
Gold:   100        SH:  0    Dex: 17    Spells: 3/3 levels left

rFire   . .          .
                       - Unarmed
rCold   + . .        c - orb {light}
rNeg    + + +        o - +2 robe {rN+}
rPois   ∞            (no helmet)
rElec   .            f - +0 cloak
rCorr   .            (no gloves)
SInv    .            (no boots)
Will    .....        (no amulet)
Stlth   +            l - +6 ring of dexterity
HPRegen 0.00/turn    (no ring)
MPRegen 0.08/turn

%: no passive effects
@: inhibited regen, glowing
A: claws 1, cold resistance 1, negative energy resistance 3, inhibited
regeneration, torment resistance 2, devour on kill
a: no special abilities


You were on level 3 of the Dungeon.
You visited 1 branch of the dungeon, and saw 3 of its levels.

You collected 100 gold pieces.

Inventory:

Armour
 c - an orb of light (worn)
 e - a scarf of repulsion
 f - a +0 cloak (worn)
 o - a +2 robe of positive energy (worn)
Jewellery
 l - a +6 ring of dexterity (left claw)
Scrolls
 d - a scroll of poison {unknown}
 h - 2 scrolls of revelation {unknown}
 i - 2 scrolls of vulnerability {unknown}
 j - 2 scrolls of brand weapon {unknown}
 k - a scroll of enchant weapon {unknown}
 n - a scroll of enchant armour {unknown}
Potions
 a - a potion of resistance {unknown}
 b - a potion of ambrosia
 g - a potion of curing {unknown}
 m - a potion of brilliance {unknown}


   Skills:
 + Level 4.6 Fighting
 - Level 2.6 Dodging
 + Level 4.6 Unarmed Combat


You had 3 spell levels left.
You didn't know any spells.
Your spell library contained the following spells:

 Spells                   Type           Power      Damage    Failure   Level
 Hailstorm                Conj/Ice       0%         3d3       71%         3
 Summon Ice Beast         Ice/Summ       0%         N/A       98%         4
 Simulacrum               Ice/Necr       0%         N/A       100%        6


Dungeon Overview and Level Annotations

Branches:
Dungeon (3/15)

Altars:


Innate Abilities, Weirdness & Mutations

You are immune to poison.
You have sharp fingernails.
Your flesh is cold resistant. (rC+)
You are immune to negative energy. (rN+++)
You do not regenerate when monsters are visible.
You are immune to unholy pain and torment.
You thrive by killing the living.


Message History

No target in view!
No target in view!
Found a stone staircase leading up.
A hobgoblin comes into view.
The hobgoblin misses you.
You scratch the hobgoblin but do no damage.
The hobgoblin misses you.
You scratch the hobgoblin but do no damage.
The hobgoblin hits you.
You claw the hobgoblin!
You kill the hobgoblin!
You feel better.
You now have 100 gold pieces (gained 6).
You see here a hobgoblin skeleton.
Done exploring.
Done exploring.
Things that are here:
a +0 robe; a +0 dagger; a ball python skeleton
There is a stone staircase leading down here.
You climb downwards.
Found a scroll labelled ROEREI LEREOTTOIHO.
Found a stone staircase leading down.
There is a stone staircase leading up here.
h - 2 scrolls labelled ROEREI LEREOTTOIHO (gained 1)
An ogre comes into view. It is wielding a +0 giant spiked club.
The ogre shouts!
An ogre is nearby!
You scratch the ogre.
The ogre is lightly wounded.
You claw the ogre!
The ogre is heavily wounded.
The ogre hits you with a +0 giant spiked club!!
Ouch! That really hurt!
* * * LOW HITPOINT WARNING * * *
You are too injured to fight recklessly!
You scratch the ogre.
The ogre is severely wounded.
The ogre hits you with a +0 giant spiked club!!
Ouch! That really hurt!
You die...

.....##<......#
###......#####
#...##...#
##........#
#.........#
..#.......#
.........##
##.....#.#
#..####@#
....#....O......
##. #.##.#######
# # #.# #.# ..#
..# ..#


You could see an ogre.

Vanquished Creatures
  Jessica (D:2)
  2 adders (D:2)
  3 worms (D:2)
  5 ball pythons
  9 bats
  An endoplasm (D:1)
  2 goblins
  4 hobgoblins
  2 jackals (D:1)
  A quokka (D:1)
  2 frilled lizards (D:1)
  2 rats (D:1)
34 creatures vanquished.

Notes
Turn   | Place    | Note
-------+----------+-------------------------------------------
     0 | D:1      | grandjackal the Ghoul Monk began the quest for the Orb.
     0 | D:1      | Reached XP level 1. HP: 19/19 MP: 0/0
     6 | D:1      | Noticed a salamander
     6 | D:1      | Noticed a wolf
     6 | D:1      | Noticed a six-headed hydra
     7 | D:1      | Noticed a polar bear
     7 | D:1      | Noticed a killer bee
   157 | D:1      | Reached XP level 2. HP: 21/26 MP: 1/1
   474 | D:1      | Found a faded altar of an unknown god.
   785 | D:2      | Reached XP level 3. HP: 26/33 MP: 2/2
   876 | D:2      | Noticed Jessica
   889 | D:2      | Killed Jessica
   890 | D:2      | Reached XP level 4. HP: 35/41 MP: 3/3
  1297 | D:3      | Noticed an ogre
  1300 | D:3      | Annihilated by an ogre

Illustrated notes

Levels and vault maps discovered:
D:1:      onia_arrival_zoo_common, layout_basic,
          shapermc_ecumenical_altar_ellora, nicolae_twisty_statue_hallways
D:2:      layout_rooms, uniq_jessica
D:3:      wander_river, layout_basic

Skill      XL: |  1  2 |
---------------+-------+-----
Fighting       | 4 |  4.6
Unarmed Combat | 4 |  4.6
Dodging        | |  2.6

Action                     |  1- 3 |  4- 6 || total
---------------------------+-------+-------++-------
  Melee: Unarmed           |    73 |    23 ||    96
 Armour: Robe              |    35 |    11 ||    46
  Dodge: Dodged            |    50 |    12 ||    62

Table legend: (Time is in decaauts)
 A = Elapsed time spent in this place.
 B = Non-inter-level travel time spent in this place.
 C = Inter-level travel time spent in this place.
 D = Time resting spent in this place.
 E = Time spent auto-exploring this place.
 F = Levels seen in this place.
 G = Mean time per level.
                   A        B        C        D        E       F      G
               +--------+--------+--------+--------+--------+-----+--------+
         Total |   1291 |   1245 |     46 |     14 |    944 |   3 |  430.3 |
       Dungeon |   1291 |   1245 |     46 |     14 |    944 |   3 |  430.3 |
               +--------+--------+--------+--------+--------+-----+--------+

Top non-repeatable levels by time:
     D:1: 719 daAuts
     D:2: 561 daAuts
     D:3: 11 daAuts
